 Dungeon Crawl Stone Soup version 0.30.1-4-g462c640d31 (webtiles) character file.

Game seed: 8907166690135298826

12312 wingedge the Trooper (level 11, -2/93 HPs)
             Began as a Demigod Earth Elementalist on Aug 18, 2023.
             Slain by a black mamba (7 damage)
             ... on level 1 of the Lair of Beasts.
             The game lasted 00:26:16 (11912 turns).

wingedge the Trooper (Demigod Earth Elementalist)  Turns: 11912, Time: 00:26:16

Health: -2/93      AC: 10    Str:  9    XL:     11   Next: 35%
Magic:  1/33       EV: 11    Int: 29    God:
Gold:   488        SH:  0    Dex: 14    Spells: 14/22 levels left

rFire   . . .        L - +10 consecrated labrys {holy, Valiant Fragile Fly SInv}
rCold   . . .        (no shield)
rNeg    . . .        d - +1 ring mail {Will+}
rPois   +            (no helmet)
rElec   .            (no cloak)
rCorr   .            q - +0 pair of gloves
SInv    +            y - +1 pair of boots
Will    ++...        (no amulet)
Stlth   ++           c - ring of poison resistance
HPRegen 0.35/turn    w - ring of magical power
MPRegen 0.23/turn

%: no passive effects
@: frozen, flying, hasted, quick
A: high MP 1, forlorn, divine attributes
a: no special abilities


You were on level 1 of the Lair of Beasts.
You visited 2 branches of the dungeon, and saw 10 of its levels.

You collected 488 gold pieces.

Inventory:

Hand Weapons
 a - a +1 heavy flail
 L - the +10 consecrated labrys (weapon) {holy, Valiant Fragile Fly SInv}
   (You found it on level 8 of the Dungeon)

   Valiant:   It becomes more powerful as more dangerous foes come into view.
   SInv:      It lets you see invisible.
   Fly:       It grants you flight.
   Fragile:   It will be destroyed if unequipped.
Missiles
 u - 24 poisoned darts
 H - 2 throwing nets
Armour
 d - a +1 ring mail of willpower (worn)
 q - a +0 pair of gloves (worn)
 y - a +1 pair of boots (worn)
Magical Staves
 E - a staff of cold
Jewellery
 c - a ring of poison resistance (left hand)
 e - a ring of flight
 i - a ring of ice
 l - a ring of protection from cold
 w - a ring of magical power (right hand)
 G - a ring of wizardry
 J - a ring of fire
Wands
 o - a wand of polymorph (10)
 F - a wand of paralysis (8)
 O - a wand of mindburst (3)
 P - a wand of quicksilver (7)
 Q - a wand of flame (14)
Scrolls
 g - 4 scrolls of teleportation
 j - a scroll of enchant weapon {unknown}
 m - a scroll of poison {unknown}
 n - 2 scrolls of amnesia {unknown}
 r - a scroll of butterflies {unknown}
 t - 8 scrolls of identify {unknown}
 v - 2 scrolls of noise {unknown}
 z - 2 scrolls of torment {unknown}
 A - a scroll of fog {unknown}
 D - 2 scrolls of vulnerability {unknown}
 K - 2 scrolls of blinking {unknown}
 N - a scroll of fear {unknown}
Potions
 b - 2 potions of magic
 f - 5 potions of haste
 h - a potion of ambrosia {unknown}
 k - a potion of brilliance {unknown}
 p - 3 potions of lignification {unknown}
 s - 4 potions of degeneration {unknown}
 x - 3 potions of curing
 B - 2 potions of berserk rage {unknown}
 C - 3 potions of heal wounds {unknown}
 I - a potion of might {unknown}
 M - 2 potions of attraction {unknown}


   Skills:
 * Level 7.6 Fighting
 - Level 2.2(3.0) Axes
 - Level 3.0(3.3) Maces & Flails
 - Level 6.0 Armour
 - Level 4.0 Dodging
 + Level 3.3 Stealth
 - Level 6.0 Spellcasting
 - Level 7.5 Conjurations
 - Level 0.8 Transmutations
 + Level 3.9 Air Magic
 - Level 7.5 Earth Magic


You had 14 spell levels left.
You knew the following spells:

 Your Spells              Type           Power      Damage    Failure   Level
a - Sandblast             Erth           100%       2d20      1%          1
b - Stone Arrow           Conj/Erth      100%       3d13      1%          3
c - Airstrike             Air            15%        2d(3-19)  26%         4

Your spell library contained the following spells:

 Spells                   Type           Power      Damage    Failure   Level
 Static Discharge         Conj/Air       82%        2-6/arc   1%          2
 Passwall                 Tmut/Erth      26%        N/A       3%          2
 Summon Small Mammal      Summ           32%        N/A       14%         1
 Petrify                  Tmut/Erth      32%        N/A       24%         4
 Call Canine Familiar     Summ           8%         N/A       38%         3
 Frozen Ramparts          Ice            16%        1d3       38%         3
 Summon Guardian Golem    Hex/Summ       8%         N/A       38%         3
 Summon Lightning Spire   Summ/Air       20%        N/A       52%         4
 Ice Form                 Ice/Tmut       11%        N/A       75%         4
 Summon Ice Beast         Ice/Summ       8%         N/A       80%         4


Dungeon Overview and Level Annotations

Branches:
Dungeon (9/15)             Temple (0/1) D:7            Lair (1/5) D:9
    Orc (0/2) D:9

Shops:
D:3 (   D:7 *

Annotations:
D:8 5 transporters, turdburglar's ghost, novice DsMo
Lair:1 2 transporters


Innate Abilities, Weirdness & Mutations

You have an increased reservoir of magic. (+10% MP)
You shall have no god before yourself.
Your divine heritage dramatically boosts your attributes as you level up.


Message History

Casting: Stone Arrow (safe; 1% risk of failure)
Confirm with . or Enter, or press ? or * to list all spells.
Aiming: Stone Arrow (safe; 1% risk of failure)
Press: ? - help, Shift-Dir - straight line, f/p - black mamba
Aim: a black mamba (severely wounded, 63% to hit)
The stone arrow misses the black mamba.
The black mamba bites you but does no damage.
Casting: Stone Arrow (safe; 1% risk of failure)
Confirm with . or Enter, or press ? or * to list all spells.
Aiming: Stone Arrow (safe; 1% risk of failure)
Press: ? - help, Shift-Dir - straight line, f/p - black mamba
Aim: a black mamba (severely wounded, 63% to hit)
The stone arrow hits the black mamba!
The black mamba is almost dead.
The black mamba bites you!
* * * LOW HITPOINT WARNING * * *
You are lethally poisoned!
The black mamba poisons you!
Casting: Stone Arrow (safe; 1% risk of failure)
Confirm with . or Enter, or press ? or * to list all spells.
Aiming: Stone Arrow (safe; 1% risk of failure)
Press: ? - help, Shift-Dir - straight line, f/p - black mamba
Aim: a black mamba (almost dead, 63% to hit)
The stone arrow misses the black mamba.
* * * LOW HITPOINT WARNING * * *
You feel very sick. The black mamba closely misses you.
You feel better. The black mamba barely misses you.
A rime drake comes into view.
The rime drake hisses angrily.
You hit the black mamba.
The black mamba is almost dead.
The black mamba bites you.
* * * LOW HITPOINT WARNING * * *
The rime drake breathes ice at you. The icy flash freeze hits you.
* * * LOW HITPOINT WARNING * * *
You are encased in ice.
The black mamba bites you!
You die...

...
#..#...#.....####
(. #..#...#....##
# . #S#...#....#
# ..# #.... #
#.#####.. #
#........
#........ #
..#######........
.......@S........
.................
.................
.................
.....#..©..#.....
...#.#..©..#.....
...k #######...##
...# #.[©..# .!


You could see a black mamba and a rime drake (catching breath).

Vanquished Creatures
  A boulder beetle (D:9)
  3 death yaks (D:9)
  3 two-headed ogres
  An ugly thing (D:8)
  A cane toad (Lair:1)
  A troll (D:8)
  2 hornets (D:9)
  Sigmund (D:3)
  A wraith (D:9)
  A shadow (D:9)
  9 yaks (D:9)
  2 steam dragons
  Edmund (D:5)
  2 water moccasins
  4 orc warriors
  2 sky beasts (D:7)
  A black bear (D:6)
  6 ice beasts
  An ogre (D:4)
  5 wolves (Lair:1)
  A phantom (D:4)
  3 centaurs
  2 kobold brigands
  2 bullfrogs
  3 gnoll sergeants
  4 scorpions
  6 wights
  11 killer bees
  3 howler monkeys (D:9)
  3 jellies
  A gnoll bouda (D:7)
  2 hounds (D:5)
  7 orc priests
  A sleepcap (D:7)
  Terence (D:2)
  An iguana (D:7)
  9 orc wizards
  10 adders
  14 gnolls
  A shadow imp (D:8)
  A white imp (D:6)
  3 ufetubi
  A worm (D:2)
  2 dart slugs (D:5)
  62 orcs
  8 endoplasms
  A giant cockroach (D:1)
  6 goblins
  7 hobgoblins
  10 jackals
  3 quokkas
  8 ball pythons
  2 bats
  14 kobolds
  8 rats
269 creatures vanquished.

Notes
Turn   | Place    | Note
-------+----------+-------------------------------------------
     0 | D:1      | wingedge the Demigod Earth Elementalist began the quest for
                  | the Orb.
     0 | D:1      | Reached XP level 1. HP: 14/14 MP: 5/5
   357 | D:1      | Reached XP level 2. HP: 20/20 MP: 2/7
   926 | D:2      | Noticed Terence
  1015 | D:2      | Reached XP level 3. HP: 27/27 MP: 3/8
  1367 | D:3      | Reached skill level 1 in Conjurations
  1420 | D:3      | Reached skill level 1 in Fighting
  1420 | D:3      | Reached XP level 4. HP: 35/35 MP: 6/9
  1449 | D:3      | Learned a level 3 spell: Stone Arrow
  1515 | D:3      | Found Sebic's Weapon Shoppe.
  1728 | D:3      | Noticed Sigmund
  1735 | D:3      | Killed Sigmund
  1736 | D:3      | Reached skill level 1 in Armour
  1736 | D:3      | Reached XP level 5. HP: 34/40 MP: 5/11
  2264 | D:4      | Noticed an ogre
  2294 | D:4      | Reached XP level 6. HP: 48/48 MP: 9/12
  3135 | D:5      | Entered Level 5 of the Dungeon
  3551 | D:5      | Reached XP level 7. HP: 55/55 MP: 8/14
  3977 | D:5      | Reached skill level 5 in Earth Magic
  4079 | D:5      | Reached skill level 5 in Conjurations
  4155 | D:5      | Noticed Edmund
  4163 | D:5      | Killed Edmund
  4469 | D:5      | Reached XP level 8. HP: 62/62 MP: 16/16
  5158 | D:2      | Killed Terence
  6084 | D:6      | Reached skill level 1 in Maces & Flails
  6610 | D:7      | Reached XP level 9. HP: 71/71 MP: 20/20
  6614 | D:7      | Reached skill level 5 in Spellcasting
  6703 | D:7      | Found a staircase to the Ecumenical Temple.
  6823 | D:7      | Found Fyfut's Overcharged Wands.
  7474 | D:8      | Found the +4 consecrated labrys {holy, Valiant Fragile Fly
                  | SInv}
  7493 | D:8      | Noticed a two-headed ogre
  7498 | D:8      | Killed a two-headed ogre
  7569 | D:8      | Noticed a cyan ugly thing
  7727 | D:8      | Killed a cyan ugly thing
  8259 | D:8      | Reached XP level 10. HP: 80/80 MP: 21/21
  8538 | D:8      | Noticed a two-headed ogre
  8539 | D:8      | Noticed turdburglar's ghost (novice DsMo)
  8540 | D:8      | Found a transporter.
  8543 | D:8      | Killed a two-headed ogre
  8544 | D:8      | Reached skill level 5 in Fighting
  8585 | D:8      | Found a transporter.
  8889 | D:8      | Found a transporter.
  8891 | D:8      | Found a transporter.
  8895 | D:8      | Found a transporter.
  8901 | D:8      | Found a transporter.
  9050 | D:9      | Reached skill level 1 in Air Magic
  9052 | D:9      | Noticed a two-headed ogre
  9153 | D:9      | Killed a two-headed ogre
  9342 | D:9      | Noticed a death yak
  9368 | D:9      | Reached skill level 5 in Armour
  9558 | D:9      | Found a staircase to the Lair.
  9564 | D:9      | Noticed a death yak
  9565 | D:9      | Noticed a death yak
  9605 | D:9      | Killed a death yak
 10114 | D:9      | Found a staircase to the Orcish Mines.
 10618 | D:9      | Killed a death yak
 10619 | D:9      | Reached XP level 11. HP: 91/91 MP: 18/24
 10622 | D:9      | Reached skill level 1 in Axes
 10779 | D:9      | Killed a death yak
 11281 | D:9      | Noticed a boulder beetle
 11289 | D:9      | Killed a boulder beetle
 11744 | Lair:1   | Entered Level 1 of the Lair of Beasts
 11752 | D:9      | Learned a level 4 spell: Airstrike
 11900 | Lair:1   | Found a transporter.
 11901 | Lair:1   | Found a transporter.
 11912 | Lair:1   | Slain by a black mamba

Illustrated notes

Levels and vault maps discovered:
D:1:      denvon_arrival_hothouse, layout_basic,
          hellmonk_ecumenical_altar_blasted
D:2:      layout_loops_ring, uniq_terence
D:3:      layout_basic, nicolae_gozag_seed_capital, serial_shops,
          nicolae_shop_bloodbath_and_beyond, uniq_sigmund
D:4:      layout_loops_cross, minmay_misc_feat_room
D:5:      layout_basic, minmay_ruined_shrine, uniq_edmund
D:6:      layout_basic
D:7:      layout_loops_corners, temple_fountains, nicolae_shop_overcharged_wands
D:8:      layout_cave_pools, gammafunk_ghost_smash, nicolae_transporter_circle
D:9:      layout_basic, dpeg_lair_monsters, hiddenorc2_lemuel,
          grunt_ministairs_10
Lair:1:   gammafunk_boulding_lane, layout_chaotic_city

Skill      XL: |  1  2  3  4  5  6  7  8  9 10 11 |
---------------+----------------------------------+-----
Stealth        | 2 3 |  3.3
Earth Magic    | 3 4 5 6 7 |  7.5
Dodging        | 2 4 |  4.0
Spellcasting   | 2 3 4 5 6 |  6.0
Conjurations   | 1 3 5 6 7 |  7.5
Fighting       | 1 2 4 6 7 |  7.6
Armour         | 1 2 4 5 6 |  6.0
Maces & Flails | 2 3 |  3.0
Air Magic      | 2 3 |  3.9
Axes           | 2 |  2.2
Transmutations | |  0.8

Action                     |  1- 3 |  4- 6 |  7- 9 | 10-12 || total
---------------------------+-------+-------+-------+-------++-------
  Melee: War axe           |     2 |     4 |       |       ||     6
         Flail             |       |     5 |    12 |     5 ||    22
         Labrys            |       |       |       |     9 ||     9
   Cast: Sandblast         |    54 |    37 |    12 |       ||   103
         Stone Arrow       |       |    18 |   158 |   174 ||   350
  Evoke: Wand              |       |     1 |       |       ||     1
    Use: Scroll            |     1 |       |       |     1 ||     2
         Potion            |       |       |       |     3 ||     3
 Armour: Troll leather arm |     5 |     6 |       |       ||    11
         Ring mail         |       |       |    23 |    24 ||    47
  Dodge: Dodged            |    13 |    16 |    36 |    46 ||   111
